Map: Babylon LE

Players

TheCowboy - Winner!

  • Race: Protoss Protoss
  • League: Grandmaster
  • Spawn Location: 11:00

Iba

  • Race: Zerg Zerg
  • League: Grandmaster
  • Spawn Location: 5:00

VOD

Have the link to the VOD?

Description

Time

  • Played on: Feb. 5, 2023, 10:58 a.m.
  • Length: 5:56
Show
View Real Time Build Order
Export as new Build Order

TheCowboy Protoss - Winner!

Build Orders: 1 Gate Expand 

Get SALT Encoding   

  12  0:00  Probe  
  13  0:12  Probe  
  14  0:19  Pylon  
  14  0:24  Probe (Chrono Boost)  
  15  0:37  Probe (Chrono Boost)  
  15  0:39  Gateway  
  16  0:45  Probe (Chrono Boost)  
  17  0:51  Assimilator, Probe  
  18  1:03  Probe  
  19  1:16  Probe  
  20  1:25  Nexus  
  20  1:36  Cybernetics Core  
  20  1:38  Probe  
  21  1:45  Pylon  
  21  1:50  Probe  
  22  2:02  Probe  
  23  2:09  Adept (Chrono Boost)  
  23  2:12  Warp Gate  
  23  2:15  Probe  
  26  2:27  Probe  
  26  2:29  Robotics Facility  
  29  2:37  Probe  
  29  2:39  Probe  
  29  2:44  Stalker  
  31  2:49  Probe  
  31  2:51  Probe  
  33  2:56  Gateway  
  33  3:02  Probe  
  33  3:03  Probe  
  35  3:05  Gateway  
  35  3:07  Gateway  
  35  3:14  Probe  
  35  3:18  Immortal (Chrono Boost)  
  36  3:25  Pylon  
  40  3:32  Gateway  
  40  3:33  Gateway  
  40  3:35  Pylon  
  40  3:47  Warp Prism (Chrono Boost)  
  40  3:50  Gateway  
  42  4:00  Zealot x3  
  42  4:02  Zealot  
  50  4:09  Pylon  
  50  4:22  Gateway, Zealot x2  
  50  4:23  Pylon  
  54  4:34  Zealot x4  
  62  4:44  Zealot x2  
  66  4:50  Zealot x2  
  66  5:00  Probe  
  66  5:03  Zealot x3  
  66  5:04  Probe  
  70  5:11  Zealot x2  
  70  5:14  Zealot  
  74  5:20  Zealot x2  
  76  5:23  Probe  
  77  5:29  Probe  
  78  5:37  Probe  
  78  5:41  Zealot x2  
  77  5:48  Zealot  
Show
View Real Time Build Order
Export as new Build Order

Iba Zerg 

Build Orders: Hatch First 

Get SALT Encoding   

  12  0:00  Drone  
  13  0:14  Overlord  
  13  0:16  Drone  
  14  0:32  Drone x2  
  16  0:48  Drone  
  17  0:56  Drone, Hatchery  
  17  0:59  Drone  
  18  1:09  Extractor  
  17  1:15  Spawning Pool  
  17  1:18  Drone  
  17  1:23  Drone  
  18  1:30  Drone  
  19  1:40  Drone  
  20  1:51  Overlord  
  20  2:01  Queen  
  22  2:10  Zergling x2  
  22  2:11  Drone, Queen  
  22  2:12  Zergling x2  
  27  2:15  Metabolic Boost  
  27  2:24  Drone x2  
  29  2:31  Drone  
  30  2:37  Drone  
  30  2:41  Hatchery  
  30  2:43  Drone  
  31  2:51  Drone  
  31  2:53  Queen  
  33  3:02  Overlord  
  33  3:03  Drone  
  33  3:04  Drone  
  35  3:14  Drone  
  35  3:15  Overlord  
  35  3:19  Queen  
  36  3:22  Drone x2  
  36  3:24  Drone x2  
  36  3:25  Drone  
  36  3:26  Drone  
  44  3:32  Overlord  
  44  3:38  Spore Crawler  
  43  3:43  Drone  
  43  3:46  Overlord  
  44  3:50  Queen  
  44  3:51  Drone  
  44  3:52  Drone  
  44  3:53  Queen  
  50  3:58  Drone x2  
  50  3:59  Drone  
  50  4:02  Drone  
  54  4:06  Drone  
  54  4:09  Zergling x6  
  58  4:16  Drone, Roach Warren  
  58  4:17  Zergling x2  
  59  4:19  Zergling x4  
  60  4:26  Zergling x10  
  60  4:30  Spore Crawler  
  64  4:32  Zergling x2  
  64  4:33  Zergling x2  
  64  4:37  Spine Crawler x2  
  64  4:40  Zergling x2  
  64  4:41  Overlord  
  65  4:46  Zergling x2  
  65  4:58  Overlord x2  
  57  5:01  Zergling x12  
  57  5:05  Zergling x2  
  56  5:09  Roach x3  
  56  5:12  Roach  
  54  5:15  Roach  
  54  5:19  Roach  
  51  5:23  Roach  
  51  5:26  Roach  
  50  5:33  Roach  
Tags
 
Add a new tag
Caveats
  • Supply blocks, unpowered buildings, or Contaminate may cause inaccurate times.
  • Supply counts are checked every 10 seconds.